 Dungeon Crawl Stone Soup version 0.32-a0-995-gb4a59205af (webtiles) character file.

Game seed: 6714643635672351250

53 Bediveer the Shooter (level 3, -1/25 HPs)
             Began as an Octopode Hunter on Apr 22, 2024.
             Slain by Ijyb
             ... wielding a +0 dagger of flaming
              (2 damage)
             ... on level 3 of the Dungeon.
             The game lasted 00:01:50 (1296 turns).

Bediveer the Shooter (Octopode Hunter)              Turns: 1296, Time: 00:01:51

Health: -1/25      AC:  1    Str: 10    XL:     3   Next: 89%
Magic:  3/3        EV: 12    Int: 11    God:
Gold:   116        SH:  0    Dex: 17    Spells: 2/2 levels left

rFire   . . .        a - +0 shortbow
rCold   . . .        (shield currently unavailable)
rNeg    . . .        (helmet restricted)
rPois   .            (no amulet)
rElec   .            (no ring)
rCorr   .            (no ring)
SInv    .            (no ring)
Will    .....        (no ring)
Stlth   ++           (no ring)
HPRegen 0.24/turn    (no ring)
MPRegen 0.08/turn    (no ring)
                     (no ring)

%: no passive effects
@: confused
A: almost no armour, amphibious, 8 rings, camouflage 1, gelatinous body 1,
(nimble swimmer 1), tentacles
a: no special abilities


You were on level 3 of the Dungeon.
You visited 1 branch of the dungeon, and saw 3 of its levels.

You collected 116 gold pieces.

Inventory:

Hand Weapons
 a - a +0 shortbow (weapon)
Scrolls
 b - a scroll of butterflies
 e - 2 scrolls of teleportation
 g - 2 scrolls of poison
Potions
 c - a potion of might {unknown}
 d - a potion of heal wounds
 f - 2 potions of curing {unknown}
 h - a potion of attraction {unknown}


   Skills:
 + Level 2.8 Fighting
 * Level 5.0 Ranged Weapons
 - Level 2.0 Dodging
 - Level 1.3 Stealth


You had 2 spell levels left.
You didn't know any spells.
Your spell library contained the following spells:

 Spells                   Type           Power      Damage    Failure   Level
 Apportation              Tloc           0%         N/A       34%         1
 Necrotise                Necr           0%         1d4       34%         1
 Sting                    Conj/Alch      0%         1d3       34%         1
 Summon Small Mammal      Summ           0%         N/A       34%         1


Dungeon Overview and Level Annotations

Branches:
Dungeon (3/15)

Altars:

Annotations:
D:3 Ijyb


Innate Abilities, Weirdness & Mutations

You cannot wear most types of armour.
You are amphibious.
You can wear up to eight rings at the same time.
Your skin changes colour to match your surroundings (Stealth+).
Your rubbery body absorbs attacks. (AC +1, EV +1)
((You are camouflaged when in or above water. (Stealth+)))
You have tentacles for arms and can constrict up to eight enemies at once.


Message History

You shoot an arrow. You shoot an arrow. You shoot an arrow.
The quokka misses you.
Ijyb hits you with a +0 dagger of flaming.
Ijyb burns you.
You shoot an arrow. The arrow hits Ijyb but does no damage.
Ijyb is moderately wounded.
The quokka bites you.
Ijyb hits you with a +0 dagger of flaming.
Ijyb burns you.
The quokka bites you but does no damage.
You shoot an arrow. Ijyb barely misses you. The quokka bites you.
You shoot an arrow.
Ijyb zaps a wand.
Your will is overpowered!
You are more confused.
The quokka bites you.
A dart slug comes into view.
Ijyb zaps a wand.
You resist with significant effort. The quokka misses you.
You shoot an arrow. The quokka closely misses you.
Ijyb hits you with a +0 dagger of flaming.
Ijyb burns you.
You shoot an arrow. The quokka barely misses you.
Ijyb hits you with a +0 dagger of flaming.
Ijyb burns you.
* * * LOW HITPOINT WARNING * * *
You shoot an arrow. The quokka bites you.
* * * LOW HITPOINT WARNING * * *
Ijyb hits you with a +0 dagger of flaming.
* * * LOW HITPOINT WARNING * * *
Ijyb burns you.
* * * LOW HITPOINT WARNING * * *
The quokka closely misses you.
You shoot an arrow.
Ijyb zaps a wand.
You resist with significant effort. The quokka misses you.
You shoot an arrow. The quokka barely misses you. Ijyb closely misses you.
You shoot an arrow. The quokka misses you.
Ijyb hits you with a +0 dagger of flaming.
* * * LOW HITPOINT WARNING * * *
Ijyb burns you.
You die...
Ijyb screams, "Time for next experiment!"

+...... #.$... .....
#.... #...# #..w#
#.gr##########
#..@.(.......#
#.##.........######
##.................##
#................†...
#.............####.##
#.............# #....
#.............# #....
#......##########.###
#......# #......


You could see Ijyb, a dart slug and a quokka.

Vanquished Creatures
  2 adders (D:2)
  A ribbon worm (D:3)
  4 ball pythons
  2 bats
  4 endoplasms
  A giant cockroach (D:2)
  2 goblins
  4 hobgoblins (D:1)
  5 kobolds
  3 frilled lizards
  2 rats (D:1)
30 creatures vanquished.

Notes
Turn   | Place    | Note
-------+----------+-------------------------------------------
     0 | D:1      | Bediveer the Octopode Hunter began the quest for the Orb.
     0 | D:1      | Reached XP level 1. HP: 14/14 MP: 1/1
   131 | D:1      | Reached XP level 2. HP: 19/19 MP: 2/2
   898 | D:2      | Reached XP level 3. HP: 25/25 MP: 3/3
  1267 | D:3      | Reached skill level 5 in Ranged Weapons
  1281 | D:3      | Noticed Ijyb
  1296 | D:3      | HP: 1/25 [Ijyb/+0 dagger of flaming (3)]
  1296 | D:3      | Slain by Ijyb

Illustrated notes

Levels and vault maps discovered:
D:1:      lemuel_arrival_room, layout_basic
D:2:      layout_rooms
D:3:      layout_basic, minmay_box_of_dots, uniq_ijyb, uniq_robin,
          uniq_crazy_yiuf_cottage

Skill      XL: |  1  2  3 |
---------------+----------+-----
Ranged Weapons | 5 |  5.0
Fighting       | |  2.8
Dodging        | |  2.0
Stealth        | |  1.3

Action                     || total
---------------------------++-------
   Fire: Shortbow          ||    72
    Use: Scroll            ||     3
 Armour: Skin              ||    11
  Dodge: Dodged            ||    10

Table legend: (Time is in decaauts)
 A = Elapsed time spent in this place.
 B = Non-inter-level travel time spent in this place.
 C = Inter-level travel time spent in this place.
 D = Time resting spent in this place.
 E = Time spent auto-exploring this place.
 F = Levels seen in this place.
 G = Mean time per level.
                   A        B        C        D        E       F      G
               +--------+--------+--------+--------+--------+-----+--------+
         Total |   1307 |   1235 |     72 |    100 |    991 |   3 |  435.7 |
       Dungeon |   1307 |   1235 |     72 |    100 |    991 |   3 |  435.7 |
               +--------+--------+--------+--------+--------+-----+--------+

Top non-repeatable levels by time:
     D:1: 775 daAuts
     D:2: 430 daAuts
     D:3: 101 daAuts
